 Dungeon Crawl Stone Soup version 0.29-a0-925-g0a7a3d12f8 (webtiles) character file.

Game seed: 15184759750925041121

604 sanka the Conjurer (level 7, -2/51 HPs)
             Began as a Gnoll Conjurer on July 29, 2022.
             Succumbed to a water moccasin's poison
             ... on level 5 of the Dungeon.
             The game lasted 00:10:46 (5317 turns).

sanka the Conjurer (Gnoll Conjurer)                 Turns: 5317, Time: 00:10:46

Health: -2/51      AC:  4    Str:  6    XL:     7   Next: 42%
Magic:  3/15       EV: 13    Int: 20    God:
Gold:   138        SH:  5    Dex: 10    Spells: 10/17 levels left

rFire   . . .      SeeInvis +   b - +1 dagger (drain)
rCold   . . .      Faith    .   (no shield)
rNeg    . . .      Spirit   .   z - +1 robe "Usteimma" {Drain Will+ SInv}
rPois   .          Reflect  +   (no helmet)
rElec   .          Harm     .   (no cloak)
rCorr   .          Rampage  .   C - +0 pair of gloves
Will    +....                   (no boots)
Stlth   +++.......              A - amulet of reflection
HPRegen 0.17/turn               y - ring of wizardry
MPRegen 0.14/turn               k - ring of flight

@: lethally poisoned (-2 -> -20), attractive, flying, hasted, very quick
A: fangs 1, strong nose, distributed training
a: no special abilities


You were on level 5 of the Dungeon.
You visited 1 branch of the dungeon, and saw 5 of its levels.
You also visited: Sewer.

You collected 138 gold pieces.


Innate Abilities, Weirdness & Mutations

You have very sharp teeth.
Your uncanny sense of smell can sniff out nearby items.
Your experience applies equally to all skills.


   Skills:
 + Level 2.6 Fighting
 + Level 2.6 Short Blades
 + Level 2.6 Long Blades
 + Level 2.6 Axes
 + Level 2.6 Maces & Flails
 + Level 2.6 Polearms
 + Level 2.6 Staves
 + Level 2.6 Ranged Weapons
 + Level 2.6 Throwing
 + Level 2.6 Armour
 + Level 5.3 Dodging
 + Level 5.0 Stealth
 + Level 2.6 Shields
 + Level 2.6 Unarmed Combat
 + Level 5.6 Spellcasting
 + Level 7.4 Conjurations
 + Level 2.1 Hexes
 + Level 2.1 Summonings
 + Level 2.1 Necromancy
 + Level 2.1 Translocations
 + Level 2.1 Transmutations
 + Level 2.1 Fire Magic
 + Level 2.1 Ice Magic
 + Level 2.1 Air Magic
 + Level 2.1 Earth Magic
 + Level 2.1 Poison Magic
 + Level 2.9 Invocations
 + Level 2.6 Evocations


You had 10 spell levels left.
You knew the following spells:

 Your Spells              Type           Power      Damage    Failure   Level
x - Searing Ray           Conj           70%        2d7       1%          2
z - Magic Dart            Conj           100%       1d8       1%          1
Z - Fulminant Prism       Conj/Hex       12%        3d9       6%          4

Your spell library contained the following spells:

 Spells                   Type           Power      Damage    Failure   Level
 Freeze                   Ice            56%        1d7       1%          1
 Dazzling Flash           Conj/Hex       48%        N/A       1%          3
 Frozen Ramparts          Ice            28%        1d4       6%          3
 Hailstorm                Conj/Ice       24%        3d7       6%          4
 Iskenderun's Mystic Bla  Conj/Tloc      24%        2d7       6%          4

Inventory:

Hand Weapons
 a - a +0 flail
 b - a +1 dagger of draining (weapon)
 D - a +1 whip of pain
Missiles
 v - 14 poisoned darts
Armour
 z - the +1 robe "Usteimma" (worn) {Drain Will+ SInv}

   SInv:      It lets you see invisible.
   Drain:     It drains your maximum health when unequipped.
   Will:      It increases your willpower.
 C - a +0 pair of gloves (worn)
Magical Staves
 i - a staff of fire
Jewellery
 j - a ring of ice
 k - a ring of flight (right hand)
 y - a ring of wizardry (left hand)
 A - an amulet of reflection (around neck)
Wands
 B - a wand of acid (7)
Scrolls
 c - a scroll of enchant weapon {unknown}
 d - 2 scrolls of fog {unknown}
 g - 4 scrolls of magic mapping {unknown}
 l - 3 scrolls of teleportation {unknown}
 n - 3 scrolls of identify {unknown}
 o - 2 scrolls of noise {unknown}
 p - a scroll of brand weapon {unknown}
 r - 2 scrolls of fear {unknown}
 u - a scroll of amnesia {unknown}
 F - 4 scrolls of blinking {unknown}
 G - a scroll of poison {unknown}
Potions
 e - 3 potions of magic
 f - 3 potions of mutation {unknown}
 h - 3 potions of haste {@q3}
 m - a potion of degeneration {unknown}
 q - 3 potions of curing {unknown}
 s - a potion of might {unknown}
 t - 2 potions of attraction {!q}
 w - 3 potions of flight {unknown}
 x - a potion of resistance {unknown}
 E - a potion of cancellation {unknown}

Dungeon Overview and Level Annotations

Branches:
Dungeon (5/15)              Sewer (visited)
 Temple: D:4-7

Altars:
Fedhas
Sif Muna
Vehumet

Shops:
D:3 *=*(=

Annotations:
D:2 Sigmund
D:4 1 transporter, eyesofgods1's ghost, amateur OgGl

∆ ▒ .▒ .▒
▒▒▒▒▒ '▒▒
▒▒l.*▒▒...▒
▒gS♣..lS♣
▒▒..)▒▒...▒
▒▒▒▒▒ .▒▒ ▒
∆


You could see a water moccasin, an iguana (ally target) and a friendly fulminant
prism.


Message History

The water moccasin closely misses you. You block the iguana's attack.
Aiming: Fulminant Prism (dangerous; 6% risk of failure)
Aim: a water moccasin (severely wounded)
You can't place the prism on a creature.
Aiming: Fulminant Prism (dangerous; 6% risk of failure)
You conjure a prism of explosive energy!
A fulminant prism comes into view.
* * * LOW HITPOINT WARNING * * *
You feel very sick. The water moccasin bites you.
* * * LOW HITPOINT WARNING * * *
The iguana barely misses you. The water moccasin misses you.
Unknown command.
It was a potion of haste.
You feel yourself speed up.
* * * LOW HITPOINT WARNING * * *
You feel sick. The water moccasin bites you.
* * * LOW HITPOINT WARNING * * *
You are more poisoned.
The water moccasin poisons you! The iguana bites you.
* * * LOW HITPOINT WARNING * * *
Your fulminant prism crackles loudly.
Unknown command.
It was a potion of attraction.
You feel attractive to monsters.
You die...

Action                   |  1- 3 |  4- 6 |  7- 9 || total
-------------------------+-------+-------+-------++-------
Melee: Unarmed           |     6 |       |       ||     6
       Dagger            |     3 |     4 |       ||     7
       Bite              |       |     1 |       ||     1
 Cast: Magic Dart        |    78 |   108 |    12 ||   198
       Searing Ray       |       |     9 |     4 ||    13
       Fulminant Prism   |       |     5 |     4 ||     9
  Use: Potion            |       |       |     2 ||     2
Armor: Robe              |       |     6 |       ||     6
Dodge: Dodged            |     6 |    14 |    15 ||    35
Block: Other             |       |     3 |     2 ||     5

Levels and vault maps discovered:
D:1:      spicycebolla_arrival_transporter_tutorial, layout_loops_ring,
          hellmonk_ecumenical_altar_defaced_shrine, minmay_indecisive_spiral
D:2:      mumra_celtic_spiral_tile, layout_basic, uniq_sigmund
D:3:      layout_loops_corners, kennysheep_orc_sif_temple, serial_shops,
          nicolae_shop_statue_plus, nicolae_shop_hallway_plus,
          nicolae_diamond_shop, shop, nicolae_square_shop
D:4:      layout_cave_pools, fedhas_ov_isle_minmay, nicolae_vehumet_altar_sigil,
          portal_sewer_entry_b, gammafunk_ghost_smash, uniq_natasha
D:5:      layout_gridville, serial_shops, shop, grunt_ministairs_5

Notes
Turn   | Place    | Note
-------+----------+-------------------------------------------
     0 | D:1      | sanka the Gnoll Conjurer began the quest for the Orb.
     0 | D:1      | Reached XP level 1. HP: 13/13 MP: 6/6
   193 | D:1      | Reached XP level 2. HP: 19/19 MP: 5/7
   220 | D:1      | Learned a level 2 spell: Searing Ray
   680 | D:1      | Found a faded altar of an unknown god.
   704 | D:1      | Reached skill level 5 in Spellcasting
   704 | D:1      | Reached XP level 3. HP: 25/25 MP: 3/9
  1329 | D:2      | Reached skill level 1 in Invocations
  1786 | D:2      | Noticed Sigmund
  2177 | D:3      | Reached skill level 1 in Fighting
  2177 | D:3      | Reached skill level 1 in Short Blades
  2177 | D:3      | Reached skill level 1 in Long Blades
  2177 | D:3      | Reached skill level 1 in Axes
  2177 | D:3      | Reached skill level 1 in Maces & Flails
  2177 | D:3      | Reached skill level 1 in Polearms
  2177 | D:3      | Reached skill level 1 in Staves
  2177 | D:3      | Reached skill level 1 in Ranged Weapons
  2177 | D:3      | Reached skill level 1 in Throwing
  2177 | D:3      | Reached skill level 1 in Armour
  2177 | D:3      | Reached skill level 1 in Shields
  2177 | D:3      | Reached skill level 1 in Unarmed Combat
  2177 | D:3      | Reached skill level 1 in Evocations
  2279 | D:3      | Found Bashathu's Jewellery Boutique.
  2422 | D:3      | Found Sousostrakuph's Assorted Antiques.
  2460 | D:3      | Reached XP level 4. HP: 32/32 MP: 3/11
  2580 | D:3      | Found Tumi's Jewellery Shoppe.
  2779 | D:3      | Found a shimmering blue altar of Sif Muna.
  2804 | D:3      | Reached skill level 1 in Hexes
  2804 | D:3      | Reached skill level 1 in Summonings
  2804 | D:3      | Reached skill level 1 in Necromancy
  2804 | D:3      | Reached skill level 1 in Translocations
  2804 | D:3      | Reached skill level 1 in Transmutations
  2804 | D:3      | Reached skill level 1 in Fire Magic
  2804 | D:3      | Reached skill level 1 in Ice Magic
  2804 | D:3      | Reached skill level 1 in Air Magic
  2804 | D:3      | Reached skill level 1 in Earth Magic
  2804 | D:3      | Reached skill level 1 in Poison Magic
  2804 | D:3      | Reached XP level 5. HP: 33/37 MP: 7/12
  2968 | D:3      | Found Ceax Kol's Antique Weapon Boutique.
  3241 | D:3      | Found Diud's Assorted Antiques.
  3353 | D:3      | Learned a level 4 spell: Fulminant Prism
  3440 | D:4      | Identified the +1 robe "Usteimma" {Drain Will+ SInv}
  3500 | D:4      | Found a radiant altar of Vehumet.
  3573 | D:4      | Found a blossoming altar of Fedhas.
  3616 | D:4      | Found a glowing drain.
  3699 | Sewer    | Entered a sewer
  4262 | D:4      | Reached skill level 2 in Invocations
  4284 | D:4      | Found a transporter.
  4288 | D:4      | Noticed eyesofgods1's ghost (amateur OgGl)
  4288 | D:4      | Identified the +5 dire flail "Omabozxy" {pain, +Blink rElec
                  | rC+++ Int-4 Dex-3}
  4288 | D:4      | Noticed an ogre
  4293 | D:4      | Noticed an ogre
  4429 | D:4      | Reached XP level 6. HP: 44/44 MP: 5/14
  4479 | D:4      | Noticed Natasha
  4492 | D:4      | Killed Natasha
  4493 | D:4      | Reached skill level 2 in Fighting
  4493 | D:4      | Reached skill level 2 in Short Blades
  4493 | D:4      | Reached skill level 2 in Long Blades
  4493 | D:4      | Reached skill level 2 in Axes
  4493 | D:4      | Reached skill level 2 in Maces & Flails
  4493 | D:4      | Reached skill level 2 in Polearms
  4493 | D:4      | Reached skill level 2 in Staves
  4493 | D:4      | Reached skill level 2 in Ranged Weapons
  4493 | D:4      | Reached skill level 2 in Throwing
  4493 | D:4      | Reached skill level 2 in Armour
  4493 | D:4      | Reached skill level 5 in Dodging
  4493 | D:4      | Reached skill level 2 in Shields
  4493 | D:4      | Reached skill level 2 in Unarmed Combat
  4493 | D:4      | Reached skill level 2 in Evocations
  4505 | D:4      | Noticed Natasha
  4508 | D:4      | Killed Natasha
  4674 | D:4      | Noticed Natasha
  4678 | D:4      | Killed Natasha
  4736 | D:5      | Entered Level 5 of the Dungeon
  4922 | D:5      | Noticed a black bear
  4925 | D:5      | Reached XP level 7. HP: 50/50 MP: 3/15
  5056 | D:5      | Reached skill level 2 in Hexes
  5056 | D:5      | Reached skill level 2 in Summonings
  5056 | D:5      | Reached skill level 2 in Necromancy
  5056 | D:5      | Reached skill level 2 in Translocations
  5056 | D:5      | Reached skill level 2 in Transmutations
  5056 | D:5      | Reached skill level 2 in Fire Magic
  5056 | D:5      | Reached skill level 2 in Ice Magic
  5056 | D:5      | Reached skill level 2 in Air Magic
  5056 | D:5      | Reached skill level 2 in Earth Magic
  5056 | D:5      | Reached skill level 2 in Poison Magic
  5186 | D:5      | Reached skill level 5 in Stealth
  5316 | D:5      | HP: 4/51 [poisoned by a water moccasin]
  5316 | D:5      | HP: 1/51 [iguana (1)]
  5317 | D:5      | Succumbed to a water moccasin's poison

Vanquished Creatures
  An ogre (D:5)
  A scorpion (D:5)
  2 hounds
  A gnoll bouda (D:5)
  Natasha (thrice) (D:4)
  4 orc wizards
  5 adders
  4 gnolls (D:5)
  A river rat (D:4)
  An ufetubus (D:5)
  A worm (D:4)
  A dart slug (D:1)
  10 orcs
  10 endoplasms
  4 giant cockroaches
  6 goblins
  4 hobgoblins
  5 quokkas
  11 ball pythons
  2 bats
  7 frilled lizards
  17 kobolds
  8 rats
109 creatures vanquished.

Vanquished Creatures (others)
  8 fulminant prisms
  A fungus (Sewer)
  6 plants (Sewer)
15 creatures vanquished.

Grand Total: 124 creatures vanquished
